Map: Oxide LE

Players

Strange

  • Race: Protoss Protoss
  • League: Master

MarineLorD - Winner!

  • Race: Terran Terran
  • League: Master

Event: DreamHack SC2 Masters 2021 Summer

VOD

Have the link to the VOD?

Description

Time

  • Played on: May 30, 2021, 1:01 p.m.
  • Length: 4:25

All games in this series

Show
View Real Time Build Order
Export as new Build Order

Strange Protoss 

Build Orders: Proxy Void Ray 

Get SALT Encoding   

  12  0:00  Probe  
  13  0:12  Probe  
  14  0:17  Pylon  
  14  0:24  Probe (Chrono Boost)  
  16  0:37  Probe (Chrono Boost), Gateway  
  16  0:42  Probe (Chrono Boost)  
  16  0:46  Assimilator  
  17  0:52  Probe  
  18  1:04  Probe  
  19  1:16  Probe  
  20  1:20  Assimilator  
  20  1:24  Cybernetics Core  
  20  1:28  Probe, Pylon  
  21  1:40  Probe  
  22  1:47  Pylon  
  22  1:52  Probe  
  23  1:58  Adept (Chrono Boost)  
  25  2:05  Probe  
  25  2:06  Stargate  
  24  2:17  Probe  
  24  2:20  Stalker  
  25  2:29  Probe  
  26  2:41  Probe, Void Ray (Chrono Boost)  
  31  2:53  Probe  
  31  2:55  Shield Battery  
  32  3:11  Void Ray (Chrono Boost)  
  32  3:12  Pylon  
  32  3:23  Gateway  
  36  3:37  Shield Battery  
Show
View Real Time Build Order
Export as new Build Order

MarineLorD Terran - Winner!

Build Orders: Cyclone Opening 

Get SALT Encoding   

  12  0:00  SCV  
  13  0:12  SCV  
  14  0:18  Supply Depot  
  14  0:24  SCV  
  15  0:39  SCV  
  15  0:41  Barracks  
  16  0:46  Refinery  
  16  0:51  SCV  
  17  0:57  Refinery  
  17  1:03  SCV  
  18  1:16  SCV  
  19  1:28  Reaper, Orbital Command  
  20  1:34  Supply Depot  
  20  1:45  Factory  
  20  1:54  SCV  
  21  2:00  Reaper  
  22  2:06  SCV  
  23  2:18  SCV  
  23  2:30  SCV, Factory Tech Lab  
  23  2:33  Starport  
  24  2:42  SCV, Supply Depot  
  25  2:48  Cyclone  
  28  2:54  SCV  
  29  3:02  Marine  
  30  3:10  Bunker  
  30  3:14  Bunker  
  30  3:19  SCV, Marine  
  31  3:24  Cyclone  
  34  3:38  Viking  
  36  3:43  SCV, Command Center  
  32  4:18  Supply Depot  
  32  4:19  Supply Depot x2  
Tags
 
Add a new tag
Caveats
  • Supply blocks, unpowered buildings, or Contaminate may cause inaccurate times.
  • Supply counts are checked every 10 seconds.